 Dungeon Crawl Stone Soup version 0.30.0-19-g36f170ea60 (webtiles) character file.

Game seed: 4564531752667115700

9265 PoweredByGinger the Severer (level 11, -5/101 HPs)
             Began as a Minotaur Gladiator on June 1, 2023.
             Was an Elder of Okawaru.
             Slain by an ogre
             ... wielding a +0 giant club
              (23 damage)
             ... on level 2 of the Orcish Mines.
             The game lasted 00:14:34 (12823 turns).

PoweredByGinger the Severer (Minotaur Gladiator)   Turns: 12823, Time: 00:14:35

Health: -5/101     AC: 13    Str: 23    XL:     11   Next: 20%
Magic:  10/10      EV:  9    Int:  5    God:    Okawaru [****..]
Gold:   515        SH:  0    Dex: 12    Spells: 10/10 levels left

rFire   + . .        a - +0 war axe
rCold   . . .        (no shield)
rNeg    . . .        T - +1 plate armour {Will+}
rPois   .            c - +0 hat
rElec   .            b - +0 cloak
rCorr   .            (no gloves)
SInv    .            i - +0 pair of boots
Will    +....        (no amulet) Stlth
                     g - ring of protection from fire
HPRegen 0.36/turn    (no ring)
MPRegen 0.12/turn

%: no passive effects
@: studying Long Blades
A: horns 2, retaliatory headbutt
a: Renounce Religion, Heroism, Finesse


You were on level 2 of the Orcish Mines.
You worshipped Okawaru.
Okawaru was greatly pleased with you.
You visited 3 branches of the dungeon, and saw 12 of its levels.

You collected 864 gold pieces.
You spent 349 gold pieces at shops.

Inventory:

Hand Weapons
 a - a +0 war axe (weapon)
 v - a +0 longbow
 K - a +1 whip of flaming
 Q - a +0 arbalest
 R - a +0 battleaxe
Missiles
 d - 2 throwing nets (quivered)
 e - 4 javelins
 w - 4 curare-tipped darts
 I - 12 poisoned darts
Armour
 b - a +0 cloak (worn)
 c - a +0 hat (worn)
 i - a +0 pair of boots (worn)
 l - the +2 scale mail of the Will of the Gods {Dex+4}
   (You found it on level 8 of the Dungeon)

   Dex:       It affects your dexterity (+4).
 A - a +1 ring mail of positive energy
 N - a +2 kite shield
 T - a +1 plate armour of willpower (worn)
Jewellery
 g - a ring of protection from fire (left hand)
 D - a ring of protection from cold
 P - a ring of see invisible
Wands
 C - a wand of roots (19)
 H - a wand of flame (42)
Scrolls
 k - 4 scrolls of noise
 n - a scroll of brand weapon
 o - 10 scrolls of teleportation
 p - 2 scrolls of fog
 z - 2 scrolls of fear
 B - a scroll of silence
 E - 3 scrolls of vulnerability
 F - 3 scrolls of enchant weapon {unknown}
 G - 2 scrolls of blinking
 J - 2 scrolls of magic mapping {unknown}
 L - a scroll of enchant armour
 S - a scroll of poison {unknown}
Potions
 f - a potion of lignification
 h - a potion of curing
 j - 4 potions of resistance
 m - 2 potions of flight {unknown}
 q - a potion of degeneration {unknown}
 r - 3 potions of attraction
 s - 2 potions of heal wounds
 u - a potion of invisibility {unknown}
 x - a potion of haste {unknown}
 M - a potion of might {unknown}


   Skills:
 + Level 10.8 Fighting
 * Level 15.0 Axes
 - Level 2.0 Throwing
 + Level 10.2 Dodging


You had 10 spell levels left.
You didn't know any spells.
Your spell library contained the following spells:

 Spells                   Type           Power      Damage    Failure   Level
 Blink                    Tloc           0%         N/A       100%        2
 Ensorcelled Hibernation  Hex/Ice        0%         N/A       100%        2
 Lesser Beckoning         Tloc           0%         N/A       100%        2
 Passwall                 Tmut/Erth      0%         N/A       100%        2
 Gell's Gravitas          Tloc           0%         N/A       100%        3
 Portal Projectile        Hex/Tloc       0%         N/A       100%        3
 Swiftness                Air            0%         N/A       100%        3
 Teleport Other           Tloc           0%         N/A       100%        3
 Manifold Assault         Tloc           0%         N/A       100%        4
 Blade Hands              Tmut           0%         N/A       100%        5
 Storm Form               Tmut/Air       0%         N/A       100%        7
 Tukima's Dance           Hex            Unusable   N/A       N/A         3

Dungeon Overview and Level Annotations

Branches:
Dungeon (9/15)             Temple (1/1) D:7             Orc (2/2) D:9
   Lair: D:8-11         Elf: Orc:2

Altars:
Ashenzari
Cheibriados
Dithmenos
Elyvilon
Fedhas
Gozag
Hepliaklqana
Kikubaaqudgha
Makhleb
Okawaru
Qazlal
Ru
Sif Muna
Trog
Uskayaw
Vehumet
Xom
Yredelemnul
Zin
The Shining One

Shops:
D:9 *(?*?   Orc:2 =

Annotations:
D:3 1 runed translucent door, Crazy Yiuf
D:9 2 transporters


Innate Abilities, Weirdness & Mutations

You have a pair of horns on your head.
You reflexively headbutt those who attack you in melee.


Message History

You slash the ogre mage! The ogre mage barely misses you.
Unknown command.
You barely miss the ogre mage.
The ogre mage is heavily wounded.
Unknown command.
You slash the ogre mage! You headbutt the ogre mage!
The ogre mage is almost dead.
The ogre mage gestures at you while chanting.
The bolt of magma hits you! You partially resist.
You barely miss the ogre mage.
The ogre mage is almost dead.
You barely miss the ogre mage. You headbutt the ogre mage.
The ogre mage is almost dead.
The ogre mage hits you but does no damage.
You hit the ogre mage but do no damage.
You headbutt the ogre mage, but do no damage.
The ogre mage is almost dead.
You slice the ogre mage!!
You kill the ogre mage!
Okawaru is honoured by your kill. Okawaru grants you throwing weapons!
Something appears at your feet!
Your Axes skill increases to level 15!
No target in view!
No target in view!
e - 4 javelins (gained 3)
You start resting.
HP restored.
You climb downwards.
The two-headed ogre closely misses you. You furiously retaliate!
You headbutt the two-headed ogre! The two-headed ogre barely misses you.
The ogre hits you with a +0 giant club!!
The ogre hits you with a +0 giant spiked club!!
The ogre hits you with a +0 giant club!
There is a stone staircase leading up, spattered with blood here.
Unknown command.
The ogre hits you with a +0 giant club!!
* * * LOW HITPOINT WARNING * * *
The ogre hits you with a +0 giant club!!
You die...

(...#.......o.......##
((...................##
((o........#.#.(......##
((.....................##
(..........#.#..........###
..........###o..........#.##
..........# ##).....#.#....#
..........####..)O...####.##
....#......).#)O@.....# ###
...##......[.[.O.O...## ...
###.............## ..
#............## #
##..........## #.#.......###
#....#....## ##.####..## ##
#..##


You could see a two-headed ogre, 3 ogres and an orc.

Vanquished Creatures
  An ogre mage (Orc:1)
  A hydra (D:9)
  An orc knight (D:9)
  Pikel (D:7)
  A cyclops (Orc:2)
  A komodo dragon (D:8)
  A troll (Orc:1)
  Prince Ribbit (D:6)
  Grinder (D:5)
  3 yaks (D:6)
  Eustachio (D:4)
  A vampire (D:9)
  A shadow (D:9)
  Edmund (D:4)
  A warg (Orc:1)
  Menkaure (D:7)
  2 steam dragons (D:7)
  An acid dragon (D:9)
  A water moccasin (D:8)
  A black bear (D:6)
  11 orc warriors
  A sky beast (D:8)
  3 ice beasts
  7 ogres
  3 centaurs
  2 lemures (D:7)
  4 bullfrogs
  A scorpion (D:7)
  5 wights (D:7)
  5 howler monkeys
  2 jellies
  3 hounds
  10 orc priests
  Jessica (D:3)
  3 iguanas
  13 orc wizards
  Terence (D:3)
  9 gnolls
  9 adders
  A shadow imp (D:6)
  3 white imps
  2 worms (D:2)
  2 dart slugs
  41 orcs
  7 ball pythons
  7 endoplasms
  3 giant cockroaches
  2 goblins
  7 hobgoblins
  13 jackals
  8 kobolds
  A quokka (D:5)
  3 bats
  A frilled lizard (D:2)
  4 rats
221 creatures vanquished.

Vanquished Creatures (others)
  A kobold brigand (D:8)
  An orc (D:8)
2 creatures vanquished.

Grand Total: 223 creatures vanquished

Notes
Turn   | Place    | Note
-------+----------+-------------------------------------------
     0 | D:1      | PoweredByGinger the Minotaur Gladiator began the quest for
                  | the Orb.
     0 | D:1      | Reached XP level 1. HP: 18/18 MP: 0/0
   217 | D:1      | Reached skill level 4 in Axes
   217 | D:1      | Reached XP level 2. HP: 23/25 MP: 1/1
   915 | D:2      | Reached XP level 3. HP: 31/31 MP: 2/2
  1467 | D:2      | Reached XP level 4. HP: 36/38 MP: 3/3
  1474 | D:2      | Reached skill level 5 in Axes
  1863 | D:3      | Found a faded altar of an unknown god.
  1971 | D:3      | Noticed Jessica
  1975 | D:3      | Killed Jessica
  1976 | D:3      | Reached XP level 5. HP: 46/46 MP: 4/4
  2066 | D:3      | Noticed Terence
  2072 | D:3      | Killed Terence
  2225 | D:3      | Reached skill level 6 in Axes
  2398 | D:3      | Found a runed translucent door.
  2399 | D:3      | Noticed Crazy Yiuf
  2450 | D:3      | Noticed an ice beast
  2463 | D:3      | Killed an ice beast
  2464 | D:3      | Reached XP level 6. HP: 32/53 MP: 5/5
  2888 | D:4      | Noticed Eustachio
  2891 | D:4      | Reached skill level 5 in Dodging
  3143 | D:4      | Killed Eustachio
  3144 | D:4      | Reached skill level 5 in Fighting
  3144 | D:4      | Reached skill level 7 in Axes
  3144 | D:4      | Reached XP level 7. HP: 34/61 MP: 6/6
  3500 | D:4      | Noticed Edmund
  3521 | D:4      | Killed Edmund
  3971 | D:5      | Entered Level 5 of the Dungeon
  3973 | D:5      | Noticed Grinder
  3974 | D:5      | Paralysed by Grinder for 4 turns
  3989 | D:5      | Paralysed by Grinder for 3 turns
  3993 | D:5      | Killed Grinder
  3994 | D:5      | Reached skill level 8 in Axes
  4267 | D:5      | Reached XP level 8. HP: 67/70 MP: 7/7
  4334 | D:5      | Found a hide-covered altar of Uskayaw.
  4772 | D:6      | Reached skill level 9 in Axes
  5567 | D:6      | Reached skill level 10 in Axes
  5580 | D:6      | Reached XP level 9. HP: 13/79 MP: 8/8
  6440 | D:7      | Reached skill level 11 in Axes
  6934 | D:7      | Noticed Prince Ribbit
  6986 | D:6      | Killed Prince Ribbit
  7028 | D:7      | Reached skill level 12 in Axes
  7284 | D:7      | Found a staircase to the Ecumenical Temple.
  7360 | Temple   | Entered the Ecumenical Temple
  7474 | Temple   | Became a worshipper of Warmaster Okawaru
  7869 | D:7      | Noticed Menkaure
  7876 | D:7      | Killed Menkaure
  8205 | D:8      | Noticed Pikel
  8364 | D:7      | Killed Pikel
  8364 | D:7      | Reached * piety under Okawaru
  8365 | D:7      | Reached XP level 10. HP: 74/91 MP: 9/9
  8634 | D:8      | Reached skill level 13 in Axes
  8640 | D:8      | Reached ** piety under Okawaru
  8673 | D:8      | Identified the +2 scale mail of the Will of the Gods
                  | {Dex+4}
  8846 | D:8      | Found a hazy altar of Hepliaklqana.
  8958 | D:9      | Found a transporter.
  8958 | D:9      | Found Durig's Magic Scroll Boutique.
  8964 | D:9      | Found Othoitzaogi's Assorted Antiques.
  9055 | D:9      | Noticed a four-headed hydra
  9070 | D:9      | Killed a four-headed hydra
  9176 | D:9      | Found Toamota's Magic Scroll Shop.
  9180 | D:9      | Bought a scroll of fear for 52 gold pieces
  9180 | D:9      | Bought a scroll of identify for 26 gold pieces
  9180 | D:9      | Bought a scroll of identify for 26 gold pieces
  9180 | D:9      | Bought a scroll of identify for 26 gold pieces
  9180 | D:9      | Bought a scroll of identify for 26 gold pieces
  9180 | D:9      | Bought a scroll of teleportation for 39 gold pieces
  9180 | D:9      | Bought a scroll of identify for 26 gold pieces
  9533 | D:9      | Found Jiwnuill's Assorted Antiques.
  9534 | D:9      | Found a transporter.
  9796 | D:9      | Bought a scroll of teleportation for 66 gold pieces
 10290 | D:9      | Reached *** piety under Okawaru
 10291 | D:9      | Reached skill level 10 in Fighting
 10566 | D:9      | Found Boffuh's Weapon Shoppe.
 10604 | D:9      | Bought a scroll of identify for 62 gold pieces
 10647 | D:9      | Reached skill level 14 in Axes
 11277 | D:9      | Found a staircase to the Orcish Mines.
 11306 | Orc:1    | Entered Level 1 of the Orcish Mines
 11335 | Orc:1    | Noticed an orc knight
 11358 | D:9      | Killed an orc knight
 12055 | Orc:2    | Entered Level 2 of the Orcish Mines
 12084 | Orc:2    | Reached XP level 11. HP: 92/101 MP: 10/10
 12114 | Orc:2    | Noticed an orc sorcerer
 12260 | Orc:2    | Found Koroxoyp's Jewellery Shop.
 12288 | Orc:2    | Reached skill level 10 in Dodging
 12304 | Orc:2    | Reached **** piety under Okawaru
 12537 | Orc:2    | Noticed an ogre mage
 12750 | Orc:2    | Noticed a two-headed ogre
 12764 | Orc:1    | Killed an ogre mage
 12764 | Orc:1    | Received a gift from Okawaru
 12765 | Orc:1    | Reached skill level 15 in Axes
 12823 | Orc:2    | Slain by an ogre

Illustrated notes

Levels and vault maps discovered:
D:1:      saegor_arrival_simple_d, layout_basic
D:2:      layout_loops_ring, serial_rivers, chequers_serial_rivers_micro_c,
          chequers_serial_rivers_large_b, chequers_serial_rivers_micro_e,
          chequers_serial_rivers_micro_a, chequers_serial_rivers_room_b,
          kennysheep_generic_room_11
D:3:      layout_rooms, chequers_ecumenical_altar_simple_redux,
          minmay_misc_feat_alley, uniq_terence, uniq_jessica,
          uniq_crazy_yiuf_cottage
D:4:      layout_basic, uniq_eustachio, uniq_edmund
D:5:      layout_gridville, nicolae_uskayaw_suspiria, uniq_grinder
D:6:      layout_basic
D:7:      layout_basic, lemuel_temple_firewalk_a, minmay_starry_boxes,
          uniq_prince_ribbit1, uniq_menkaure
D:8:      layout_rooms, worldfamousw_hep_ancestral_shrine, uniq_pikel
D:9:      layout_basic, david_orc_4, serial_shops, nicolae_stop_n_shop_1,
          nicolae_shop_window_shopping, shop, nicolae_shop_drivethru,
          nicolae_shop_hallway_stairs, minmay_misc_feat_doors
Temple:   compressed_dpeg_circular_temple
Orc:1:    layout_diamond_mine
Orc:2:    st_orc_open, layout_diamond_mine, nicolae_orc_rockfall,
          nicolae_shop_clearance

Skill      XL: |  1  2  3  4  5  6  7  8  9 10 11 |
---------------+----------------------------------+-----
Axes           | 4 5 6 7 8 10 12 14 15 | 15.0
Fighting       | 3 4 5 7 9 10 | 10.8
Dodging        | 4 5 6 7 8 9 10 | 10.2
Throwing       | |  2.0

Action                     |  1- 3 |  4- 6 |  7- 9 | 10-12 || total
---------------------------+-------+-------+-------+-------++-------
  Melee: War axe           |    72 |   140 |   241 |   216 ||   669
         Headbutt          |     9 |    16 |    53 |    59 ||   137
         Punch             |       |       |     2 |     2 ||     4
         Whip              |       |       |       |    12 ||    12
  Throw: Throwing net      |       |       |     4 |     5 ||     9
         Javelin           |       |       |       |     1 ||     1
    Use: Scroll            |       |       |     7 |     9 ||    16
         Potion            |       |       |     1 |     5 ||     6
   Stab: Held in net/web   |       |       |     1 |       ||     1
 Armour: Leather armour    |    16 |     5 |       |       ||    21
         Ring mail         |       |    49 |    63 |    11 ||   123
         Skin              |       |       |     3 |       ||     3
         Scale mail        |       |       |       |    46 ||    46
         Plate armour      |       |       |       |    16 ||    16
  Dodge: Dodged            |    46 |   131 |   156 |   125 ||   458
